 Dungeon Crawl Stone Soup version 0.29.1-13-g9f3cf754e1 (webtiles) character file.

Game seed: 15876368689204334143

675 Peloso the Slasher (level 7, -1/60 HPs)
             Began as a Minotaur Fighter on Jan 19, 2023.
             Slain by Edmund
             ... wielding a +2 dire flail of protection
              (7 damage)
             ... on level 4 of the Dungeon.
             The game lasted 00:08:45 (4849 turns).

Peloso the Slasher (Minotaur Fighter)               Turns: 4849, Time: 00:08:46

Health: -1/60      AC: 16    Str: 20    XL:     7   Next: 33%
Magic:  6/6        EV:  5    Int:  5    God:
Gold:   244        SH:  9    Dex: 12    Spells: 6/6 levels left

rFire   . . .      SeeInvis .   a - +0 long sword
rCold   . . .      Faith    .   d - +0 kite shield
rNeg    . . .      Spirit   .   t - +0 plate armour
rPois   +          Reflect  .   (helmet restricted)
rElec   .          Harm     .   (no cloak)
rCorr   .          Rampage  .   (no gloves)
Will    .....                   (no boots)
Stlth   ..........              (no amulet)
HPRegen 0.20/turn               s - ring of poison resistance
MPRegen 0.10/turn               u - +4 ring of protection

@: on berserk cooldown, slowed, studying Armour, very slow
A: horns 2, retaliatory headbutt
a: no special abilities


You were on level 4 of the Dungeon.
You visited 2 branches of the dungeon, and saw 5 of its levels.

You collected 244 gold pieces.

Inventory:

Hand Weapons
 a - a +0 long sword (weapon)
 b - a +1 hand axe of flaming
Armour
 c - a +0 buckler
 d - a +0 kite shield (worn)
 f - a +0 chain mail
 t - a +0 plate armour (worn)
Jewellery
 h - a +4 ring of evasion
 p - a ring of willpower
 s - a ring of poison resistance (left hand)
 u - a +4 ring of protection (right hand)
Scrolls
 m - a scroll of fear {unknown}
 n - a scroll of identify
 o - 2 scrolls of poison {unknown}
 q - a scroll of magic mapping {unknown}
 v - a scroll of amnesia {unknown}
Potions
 e - a potion of resistance
 i - 3 potions of curing
 j - 3 potions of might
 k - 2 potions of heal wounds
 l - a potion of brilliance {unknown}
 r - a potion of lignification {unknown}


   Skills:
 + Level 4.8 Fighting
 + Level 6.6 Long Blades
 + Level 5.9 Armour
 + Level 1.6 Dodging
 + Level 5.3 Shields


You had 6 spell levels left.
You didn't know any spells.
Your spell library contained the following spells:

 Spells                   Type           Power      Damage    Failure   Level
 Sublimation of Blood     Necr           0%         N/A       100%        2
 Wereblood                Tmut           0%         N/A       100%        2
 Dazzling Flash           Conj/Hex       0%         N/A       100%        3
 Agony                    Necr           0%         N/A       100%        5
 Silence                  Hex/Air        0%         N/A       100%        5
 Summon Hydra             Summ           0%         N/A       100%        7


Dungeon Overview and Level Annotations

Branches:
Dungeon (4/15)             Temple (1/1) D:4

Altars:
Dithmenos
Hepliaklqana
Kikubaaqudgha
Makhleb
Nemelex Xobeh
Sif Muna
Trog
Uskayaw
Vehumet
Wu Jian
Zin

Annotations:
D:4 Edmund


Innate Abilities, Weirdness & Mutations

You have a pair of horns on your head.
You reflexively headbutt those who attack you in melee.


Message History

Something hits you but does no damage.
You hit something but do no damage. Something hits you. Something hits you!
You hit something but do no damage. You headbutt something. Something hits you!
You hit something but do no damage. Something hits you but does no damage.
You closely miss something. You block something's attack.
You hit something but do no damage. Something hits you but does no damage.
A red film seems to cover your vision as you go berserk!
You feel yourself moving faster!
You feel mighty! Something hits you but does no damage.
You hit something but do no damage. Something hits you.
You miss something. Something hits you.
You hit something but do no damage. Something hits you but does no damage.
You miss something. Something hits you!
You slash something! Your headbutt misses something.
Something hits you but does no damage.
You closely miss something. You closely miss something.
Your headbutt misses something. Something hits you.
You slash something! You headbutt something.
Something hits you but does no damage.
You closely miss something. Your headbutt misses something.
Something hits you but does no damage.
You closely miss something. You block something's attack.
You hit something but do no damage. Something hits you but does no damage.
You miss something. Your headbutt misses something.
You hit something but do no damage. Something hits you.
You miss something.
You are no longer berserk.
You are exhausted.
You feel yourself slow down. Something hits you but does no damage.
You hit something but do no damage. You block something's attack.
Something hits you!
* * * LOW HITPOINT WARNING * * *
You hit something but do no damage. Your headbutt misses something.
Something hits you but does no damage. Something hits you.
* * * LOW HITPOINT WARNING * * *
You closely miss something.
Something hits you but does no damage. x2
You closely miss something. Something hits you.
* * * LOW HITPOINT WARNING * * *
You barely miss something. Something hits you!
You die...

####### ####.....#
#........# #...8....#
#........# #...8.8..#
#........# ##.8...8..#
##......@{.#
###.....####.#
####.......#....#
#~~~~..........##
#~≈≈~...........
####~≈≈~~...........
.#.#~~≈≈~......##....
....#~≈≈~~...####@....
.....~~≈≈~#..# .......


There were no monsters in sight!

Vanquished Creatures
  Sigmund (D:3)
  Menkaure (D:4)
  2 orc priests (D:3)
  A hound (D:3)
  2 gnoll boudas (Temple)
  An iguana (D:3)
  14 gnolls
  6 adders
  7 orcs
  5 ball pythons
  2 endoplasms
  4 goblins
  4 hobgoblins
  3 quokkas
  7 bats
  A frilled lizard (D:3)
  6 kobolds
  4 rats
71 creatures vanquished.

Notes
Turn   | Place    | Note
-------+----------+-------------------------------------------
     0 | D:1      | Peloso the Minotaur Fighter began the quest for the Orb.
     0 | D:1      | Reached XP level 1. HP: 19/19 MP: 0/0
   338 | D:1      | Reached XP level 2. HP: 27/27 MP: 1/1
   968 | D:2      | Reached skill level 3 in Long Blades
   968 | D:2      | Reached XP level 3. HP: 10/33 MP: 2/2
  1490 | D:2      | Found a shadowy altar of Dithmenos.
  1504 | D:2      | Reached XP level 4. HP: 25/40 MP: 3/3
  1968 | D:2      | Found a faded altar of an unknown god.
  2626 | D:3      | Reached skill level 4 in Long Blades
  2626 | D:3      | Reached XP level 5. HP: 29/46 MP: 4/4
  2798 | D:3      | Noticed Sigmund
  2801 | D:3      | Killed Sigmund
  2802 | D:3      | Reached skill level 5 in Long Blades
  2802 | D:3      | Reached skill level 5 in Armour
  2802 | D:3      | Reached skill level 1 in Dodging
  2802 | D:3      | Reached XP level 6. HP: 43/53 MP: 5/5
  3000 | D:3      | Found a radiant altar of Vehumet.
  3163 | D:4      | Noticed Menkaure
  3364 | D:4      | Killed Menkaure
  3365 | D:4      | Reached skill level 6 in Long Blades
  3636 | D:4      | Found a staircase to the Ecumenical Temple.
  3670 | Temple   | Entered the Ecumenical Temple
  3960 | D:4      | Reached skill level 5 in Shields
  3960 | D:4      | Reached XP level 7. HP: 60/60 MP: 6/6
  4491 | D:4      | Found a hide-covered altar of Uskayaw.
  4810 | D:4      | Noticed Edmund
  4849 | D:4      | Slain by Edmund

Illustrated notes

Levels and vault maps discovered:
D:1:      saegor_arrival_miasma, layout_basic, minivault_25
D:2:      layout_loops_corners, basic_altar, ebering_ecumenical_altar_ruins
D:3:      layout_basic, amcnicky_altar_gilded, uniq_sigmund
D:4:      wander_river, layout_cave_pools, mainiacjoe_overflow_small_starburst,
          minmay_temple_entry_junction, serial_column_ruins, column_ruins_hut,
          column_ruins_square_medium, column_ruins_open_tiny,
          column_ruins_open_small, column_ruins_grid_3, column_ruins_grid_3,
          column_ruins_columns_straight, column_ruins_open_medium,
          uniq_menkaure, uniq_edmund
Temple:   hellmonk_temple_beads

Skill      XL: |  1  2  3  4  5  6 |
---------------+-------------------+-----
Armour         | 4 5 |  5.9
Fighting       | 4 |  4.8
Long Blades    | 3 4 5 6 |  6.6
Shields        | 4 5 |  5.3
Dodging        | 1 |  1.6

Action                   |  1- 3 |  4- 6 |  7- 9 || total
-------------------------+-------+-------+-------++-------
Melee: Long sword        |    52 |    97 |   103 ||   252
       Headbutt          |     8 |     9 |    26 ||    43
  Use: Potion            |     3 |       |     3 ||     6
       Scroll            |     1 |     3 |       ||     4
Armor: Scale mail        |    27 |     9 |       ||    36
       Chain mail        |       |    27 |       ||    27
       Plate armour      |       |     2 |    60 ||    62
Dodge: Dodged            |    61 |    44 |    22 ||   127
Block: Buckler           |    19 |     1 |       ||    20
       Kite shield       |       |    53 |    43 ||    96
